cohdb
Replays
Latest Replays
All Replays
Popular Replays
Top Player Replays
Match Explorer
How It Works
Community
CoH3 Stats
Reddit
Sign in to upload your games and track your stats! →
Sign in with Steam
I suck with Rangers, but the Howitzer was fun
Match 34350764
Overview
Messages
Build Orders
End
Construct Barracks
Engineer Squad
Selects Advanced Infantry Battlegroup
Riflemen Squad
Construct Weapon Support Center
M1919 Machine Gun Team
Mortar Pit
Riflemen Squad
Infantry Support Center
Selects Convert to Ranger Squad
Convert to Ranger Squad
Selects Frontline Medical Station
Convert to Ranger Squad
Bazooka Squad
Advanced Logistics
Selects Ammunition Storage
Frontline Medical Station
Frontline Medical Station
Selects M2A1 105mm Howitzer Emplacement
Selects Free Fire Drills
Riflemen Squad
Selects Free Fire Drills
Riflemen Squad
Survival Training
Convert to Ranger Squad
Convert to Ranger Squad
Selects Infantry Assault
Infantry Assault
Construct Tank Depot
M18 Hellcat Tank Destroyer
Riflemen Squad
Grenade Package
M4(105) Sherman Bulldozer
Riflemen Squad
Infantry Assault
M1918 Browning Automatic Rifles
M18 Hellcat Tank Destroyer
Engineer Squad
Infantry Assault
Riflemen Squad
Engineer Squad
broodwarjc
(●'◡'●)
A-Train12
kawhi
privatedullz
Affe mit Waffe
Flashgorden85
Catatau
0
0
Comments
sign in to comment!
No comments posted yet!